 Dungeon Crawl Stone Soup version 0.21-a0-450-gd87a9b2 (webtiles) character file.

66 slep the Skirmisher (level 4, 0/24 HPs)
             Began as a Vine Stalker Monk on Nov 19, 2017.
             Succumbed to a kobold's poison
             ... on level 2 of the Dungeon.
             The game lasted 00:03:59 (1011 turns).

slep the Skirmisher (Vine Stalker Monk)             Turns: 1011, Time: 00:04:00

Health: 0/24       AC:  3    Str: 14    XL:     4   Next: 15%
Magic:  2/5        EV: 13    Int: 10    God:
Gold:   71         SH:  0    Dex: 17    Spells: 3/3 levels left

rFire    . . .     SeeInvis .   a - +0 falchion
rCold    . . .     Gourm    .   (no shield)
rNeg     . . .     Faith    .   f - +0 leather armour
rPois    .         Spirit   +   (no helmet)
rElec    .         Reflect  .   (no cloak)
rCorr    .         Harm     .   (no gloves)
MR       .....                  (no boots)
Stlth    ++........             (no amulet)
HPRegen  0.48/turn              (no ring)
MPRegen  0.09/turn              (no ring)

@: lethally poisoned (0 -> -13)
A: fangs 2, regeneration 1, magic shield, antimagic bite, no potion heal 3, rot
immunity
a: no special abilities


You were on level 2 of the Dungeon.
You were hungry.

You visited 1 branch of the dungeon, and saw 2 of its levels.

You collected 71 gold pieces.

Inventory:

Hand Weapons
 a - a +0 falchion (weapon)
Missiles
 p - 2 tomahawks (quivered)
Armour
 b - a +0 robe
 f - a +0 leather armour (worn)
Scrolls
 e - a scroll of fog {unknown}
 g - a scroll of remove curse {unknown}
 h - a scroll of magic mapping {unknown}
 j - 2 scrolls of identify {unknown}
 l - a scroll of immolation {unknown}
 q - a scroll of amnesia {unknown}
 r - a scroll of recharging {unknown}
Potions
 i - a potion of curing {unknown}
 k - a potion of ambrosia {unknown}
 m - a potion of agility {unknown}
 o - a potion of cancellation {unknown}
Comestibles
 c - a bread ration
 d - a royal jelly
 n - 4 chunks of flesh


   Skills:
 + Level 3.2 Fighting
 + Level 3.2 Long Blades
 + Level 0.4 Armour
 + Level 3.0 Dodging
 + Level 2.9 Stealth


You had 3 spell levels left.
You didn't know any spells.

Dungeon Overview and Level Annotations

Branches:
Dungeon (2/15)

Altars:


Innate Abilities, Weirdness & Mutations

You have extremely sharp teeth.
Your natural rate of healing is unusually fast.
When hurt, damage is shared between your health and your magic reserves.
Your bite disrupts and absorbs the magic of your enemies.
Potions cannot restore your health.
You are immune to rotting.


Message History

* * * LOW HITPOINT WARNING * * *
You feel very sick.
The bat barely misses you. x2; The kobold barely misses you.
You riposte.
You hit the kobold.
You kill the kobold!
You hit the dart slug. Your bite misses the dart slug.
The dart slug is severely wounded.
* * * LOW HITPOINT WARNING * * *
You feel sick. The bat misses you. The dart slug closely misses you.
You riposte.
You slash the dart slug!
You kill the dart slug!
You closely miss the bat. Your bite misses the bat.
* * * LOW HITPOINT WARNING * * *
You feel sick. The bat hits you.
* * * LOW HITPOINT WARNING * * *
Throwing (i - inventory):
p - 3 tomahawks (quivered)
Press: ? - help, Shift-Dir - straight line, f - bat
Aim: a bat You throw a tomahawk.
The tomahawk closely misses the bat.
You die...

..[# ...# .....
....( # .w.?..
#.####.....#
#..).)b...#
#######@###.#
.!..........#
.########.##..#
..............#
#####..####.##
..####..# #.#
........# #.#
..##.##.# #.#
#. #.# #.#


You could see a worm and a bat.

Vanquished Creatures
  A gnoll (D:1)
  2 oozes (D:1)
  3 dart slugs
  2 leopard geckos (D:1)
  3 bats (D:1)
  A giant cockroach (D:1)
  6 goblins
  4 hobgoblins
  9 kobolds
  3 frilled lizards (D:1)
  6 rats (D:1)
40 creatures vanquished.

Notes
Turn   | Place    | Note
-------+----------+-------------------------------------------
     0 | D:1      | slep the Vine Stalker Monk began the quest for the Orb.
     0 | D:1      | Reached XP level 1. HP: 11/11 MP: 2/2
   121 | D:1      | Reached XP level 2. HP: 11/16 MP: 3/3
   473 | D:1      | Reached XP level 3. HP: 19/20 MP: 4/4
   840 | D:1      | Gained mutation: Your natural rate of healing is unusually fast. [Vine Stalker growth]
   840 | D:1      | Reached XP level 4. HP: 4/24 MP: 2/5
  1011 | D:2      | Succumbed to a kobold's poison

Vault maps used:
D:1:      minmay_arrival_widening_spiral_narrow
D:2:      first_bread, nemelex_spade_bored_becter, uniq_robin

Skill      XL: |  1  2  3 |
---------------+----------+-----
Fighting       | 3 |  3.2
Long Blades    | 3 |  3.2
Dodging        | 3 |  3.0
Armour         | |  0.4
Stealth        | |  2.9

Action                   |  1- 3 |  4- 6 || total
-------------------------+-------+-------++-------
Melee: Falchion          |    89 |    16 ||   105
       Bite              |    29 |     5 ||    34
Throw: Tomahawk          |       |     3 ||     3
 Stab: Sleeping          |     4 |       ||     4
Armor: Leather armour    |    14 |     7 ||    21
Dodge: Dodged            |    57 |    17 ||    74
       Rpst.: Falchion   |    16 |     6 ||    22

Table legend:
 A = Spawn XP
 B = Non-spawn XP
 C = Spawn XP percentage of total XP
 D = Spawn monster count
 E = Non-spawn monster count
 F = Spawn count percentage of total count
 G = Total turns spent on level
                    A         B        C        D         E        F      G
               +---------+---------+-------+---------+---------+-------+---------
         Total |       0 |      95 |   0.0 |       0 |      40 |   0.0 |  1011
               +---------+---------+-------+---------+---------+-------+---------
           D:1 |       0 |      84 |   0.0 |       0 |      35 |   0.0 |   967
           D:2 |       0 |      11 |   0.0 |       0 |       5 |   0.0 |    44
               +---------+---------+-------+---------+---------+-------+---------
